Map: Polka LE

Players

Darkstorm

  • Race: Protoss Protoss
  • Spawn Location: 5:00

FlorentinH

  • Race: Zerg Zerg
  • League: Platinum
  • Spawn Location: 5:00

qqq - Winner!

  • Race: Zerg Zerg
  • Spawn Location: 11:00

Massa - Winner!

  • Race: Terran Terran
  • League: Platinum
  • Spawn Location: 11:00

VOD

Have the link to the VOD?

Description

Time

  • Played on: Oct. 8, 2020, 2:57 p.m.
  • Length: 23:35
Show
View Real Time Build Order
Export as new Build Order

Darkstorm Protoss 

Build Orders: Carriers 

Get SALT Encoding   

  12  0:10  Pylon  
  12  0:18  Probe  
  13  0:30  Gateway  
  13  0:43  Assimilator  
  13  0:45  Probe (Chrono Boost)  
  14  0:58  Probe (Chrono Boost)  
  15  1:06  Probe (Chrono Boost)  
  16  1:12  Probe  
  17  1:19  Cybernetics Core  
  17  1:24  Probe (Chrono Boost)  
  18  1:36  Probe (Chrono Boost)  
  18  1:38  Assimilator  
  19  1:42  Probe (Chrono Boost)  
  20  1:48  Pylon  
  20  1:50  Probe  
  21  2:02  Probe  
  22  2:08  Nexus  
  22  2:16  Assimilator  
  22  2:29  Stargate  
  22  2:32  Probe (Chrono Boost)  
  23  2:43  Probe (Chrono Boost)  
  24  2:46  Adept  
  24  2:47  Probe (Chrono Boost)  
  27  2:58  Probe  
  28  3:10  Probe, Pylon  
  29  3:14  Void Ray  
  29  3:22  Probe  
  34  3:34  Probe (Chrono Boost)  
  34  3:41  Stargate  
  35  3:45  Probe (Chrono Boost)  
  37  3:51  Assimilator  
  37  3:52  Probe (Chrono Boost), Void Ray  
  37  3:55  Probe (Chrono Boost)  
  38  4:00  Probe (Chrono Boost)  
  43  4:11  Probe  
  42  4:23  Probe  
  43  4:38  Probe  
  44  4:47  Void Ray x2  
  53  5:21  Probe (Chrono Boost)  
  53  5:29  Protoss Air Weapons Level 1  
  53  5:32  Probe (Chrono Boost)  
  54  5:35  Pylon  
  54  5:40  Pylon  
  54  5:43  Fleet Beacon  
  54  5:53  Probe  
  55  6:01  Forge  
  55  6:05  Probe  
  56  6:30  Carrier  
  56  6:31  Carrier  
  68  6:39  Protoss Shields Level 1  
  68  6:52  Pylon  
  68  6:59  Pylon  
  68  7:01  Pylon  
  68  7:04  Probe  
  69  7:10  Pylon  
  69  7:12  Pylon  
  69  7:14  Mothership (Chrono Boost)  
  69  7:15  Pylon  
  69  7:16  Probe  
  78  7:34  Carrier  
  78  7:35  Carrier  
  90  7:53  Twilight Council  
  90  8:00  Protoss Air Weapons Level 2  
  90  8:10  Pylon  
  90  8:19  Pylon  
  90  8:30  Photon Cannon  
  90  8:32  Photon Cannon  
  90  8:35  Photon Cannon  
  90  8:39  Shield Battery  
  90  8:42  Shield Battery  
  90  8:50  Nexus  
  90  8:54  Assimilator  
  90  8:56  Flux Vanes  
  90  8:58  Carrier x2, Assimilator  
  102  9:33  Robotics Facility  
  102  9:37  Protoss Shields Level 2  
  102  9:51  Cybernetics Core  
  101  10:35  Photon Cannon  
  101  10:42  Shield Battery  
  101  10:43  Shield Battery  
  101  10:47  Carrier (Chrono Boost)  
  113  10:57  Carrier (Chrono Boost)  
  113  11:03  Stargate  
  114  11:04  Observer  
  114  11:07  Protoss Air Armor Level 1  
  114  11:16  Protoss Air Weapons Level 3  
  115  11:25  Observer  
  115  11:41  Probe (Chrono Boost)  
  115  11:43  Void Ray  
  116  11:48  Carrier  
  116  11:51  Probe (Chrono Boost)  
  127  11:56  Probe (Chrono Boost)  
  128  12:02  Carrier  
  128  12:07  Probe  
  134  12:19  Probe  
  135  12:25  Shield Battery  
  135  12:26  Shield Battery  
  135  12:33  Shield Battery  
  135  12:36  Pylon  
  135  12:41  Probe (Chrono Boost)  
  137  12:51  Probe (Chrono Boost)  
  137  12:53  Void Ray  
  137  12:56  Probe (Chrono Boost)  
  137  12:58  Carrier  
  148  13:07  Probe (Chrono Boost)  
  149  13:19  Probe (Chrono Boost)  
  150  13:26  Probe (Chrono Boost)  
  151  13:33  Probe  
  151  13:34  Pylon  
  152  13:42  Void Ray  
  152  13:45  Probe  
  156  14:01  Void Ray  
  156  14:09  Void Ray  
  138  15:26  Carrier x3  
  125  16:30  Carrier x2  
  137  17:24  Carrier  
  138  17:34  Carrier  
  138  17:35  Carrier  
  87  18:23  Void Ray  
  87  18:33  Void Ray  
  95  19:28  Void Ray  
Show
View Real Time Build Order
Export as new Build Order

FlorentinH Zerg 

Build Orders: Hatch First 

Get SALT Encoding   

  12  0:00  Drone  
  13  0:13  Overlord  
  13  0:16  Drone  
  14  0:31  Drone  
  14  0:32  Drone  
  16  0:42  Drone  
  17  0:56  Hatchery  
  16  0:58  Drone  
  17  1:10  Spawning Pool  
  16  1:14  Drone  
  16  1:16  Extractor  
  16  1:19  Drone  
  16  1:25  Drone  
  18  1:47  Drone  
  19  1:57  Zergling x4  
  21  2:02  Overlord  
  21  2:08  Queen  
  23  2:15  Queen  
  25  2:20  Drone x3  
  25  2:22  Metabolic Boost  
  28  2:25  Drone  
  29  2:43  Drone, Queen  
  32  2:44  Drone x3  
  33  3:01  Queen  
  29  3:19  Zergling x12  
  32  3:48  Zergling x2  
  32  3:49  Zergling x6  
  32  3:52  Overlord  
  35  4:09  Lair  
  35  4:12  Extractor  
  34  4:33  Drone x5  
  29  4:49  Zergling x10  
  29  4:52  Queen  
  30  5:10  Zergling x6  
  31  5:22  Baneling Nest  
  30  5:33  Drone  
  31  5:42  Queen  
  32  5:57  Zergling x4  
  32  5:58  Zergling x4  
  32  6:02  Zergling x2  
  32  6:03  Zergling x2  
  31  6:18  Drone  
  28  6:28  Baneling  
  28  6:29  Baneling x3  
  28  6:36  Drone x2  
  30  6:46  Centrifical Hooks  
  30  6:56  Drone  
  31  7:12  Hatchery  
  30  7:22  Queen  
  30  7:26  Zergling x2  
  33  7:39  Drone x3  
  33  7:40  Drone  
  37  7:56  Roach Warren  
  37  7:57  Baneling  
  37  7:58  Baneling x5  
  36  8:03  Zergling x2  
  37  8:17  Overlord x2  
  37  8:29  Drone x4  
  41  8:39  Glial Reconstitution  
  41  8:42  Queen  
  41  8:47  Spore Crawler  
  42  8:53  Spore Crawler  
  41  8:56  Drone  
  41  8:59  Spore Crawler  
  41  9:08  Roach  
  41  9:09  Roach x2  
  47  9:15  Baneling x5  
  47  9:18  Roach  
  49  9:28  Drone x4  
  53  9:34  Roach x2  
  57  9:38  Drone  
  57  9:39  Drone  
  57  9:42  Overseer  
  59  9:47  Pneumatized Carapace  
  59  9:51  Overlord  
  49  10:10  Roach  
  49  10:11  Roach x5  
  57  10:20  Zergling x4  
  59  10:39  Overlord x4  
  59  10:40  Overlord  
  59  10:58  Drone  
  59  10:59  Drone x4  
  59  11:03  Drone  
  65  11:06  Extractor  
  65  11:09  Extractor  
  60  11:22  Zergling x2  
  60  11:23  Zergling x4  
  45  11:27  Zergling x2  
  47  11:32  Zergling x2  
  47  11:33  Zergling x6  
  47  11:34  Baneling  
  50  11:41  Zergling x2  
  50  11:44  Baneling x6  
  51  11:51  Overseer  
  51  11:52  Overseer  
  51  11:58  Zergling x2  
  51  11:59  Zergling x4  
  51  12:00  Baneling x5  
  51  12:01  Baneling x7  
  54  12:08  Zergling x8  
  56  12:15  Burrow  
  58  12:21  Baneling x6  
  58  12:24  Zergling x2  
  58  12:25  Zergling x8  
  63  12:32  Zergling x2  
  63  12:34  Zergling x2  
  65  12:39  Baneling x8  
  65  12:53  Baneling  
  65  12:54  Baneling x13  
  65  12:58  Zergling x2  
  66  12:59  Zergling x6  
  66  13:00  Overlord  
  66  13:01  Overlord  
  69  13:06  Zergling x2  
  69  13:07  Zergling x4  
  69  13:11  Zergling x2  
  69  13:12  Zergling x2  
  74  13:17  Zergling x4  
  76  13:25  Zergling x2  
  77  13:28  Baneling  
  77  13:29  Baneling x8  
  77  13:30  Baneling  
  77  13:33  Baneling x3  
  77  13:37  Drone  
  77  13:38  Drone  
  77  13:41  Drone  
  80  13:43  Drone  
  58  14:13  Zergling x2  
  58  14:14  Zergling x14  
  62  14:22  Zergling x2  
  60  14:34  Baneling x2  
  60  14:35  Baneling x3  
  60  14:44  Hatchery  
  59  14:45  Drone  
  59  14:46  Drone x3  
  59  14:48  Drone  
  64  14:56  Drone  
  65  15:04  Drone x2  
  67  15:12  Drone x7  
  74  15:29  Spire  
  74  15:30  Spire  
  72  15:36  Drone x4  
  72  15:37  Drone  
  77  15:47  Drone  
  77  15:48  Drone x3, Hatchery  
  80  16:04  Zergling x2  
  80  16:05  Zergling x6  
  84  16:18  Extractor x2  
  77  16:20  Zergling x6  
  77  16:21  Zergling x4  
  69  16:29  Zergling x2  
  69  16:30  Zergling x8  
  69  16:32  Zergling x2  
  62  16:39  Zergling x2  
  43  16:40  Zergling x2  
  43  16:47  Baneling x5  
  43  16:55  Zergling x4  
  43  16:56  Zergling x4  
  43  16:57  Baneling  
  43  16:58  Baneling x9  
  45  17:07  Baneling x5  
  45  17:16  Drone  
  45  17:17  Drone  
  47  17:45  Baneling x20  
  37  18:13  Zergling x24  
  45  18:33  Zergling x2  
  47  18:34  Zergling x2  
  42  19:05  Hatchery  
  41  19:15  Zergling x12  
Show
View Real Time Build Order
Export as new Build Order

qqq Zerg - Winner!

Build Orders: Hatch First 

Get SALT Encoding   

  12  0:01  Drone  
  13  0:08  Drone  
  14  0:37  Hatchery  
  14  0:40  Drone  
  14  0:57  Spawning Pool  
  13  1:08  Drone  
  13  1:09  Overlord  
  14  1:19  Extractor, Drone  
  14  1:27  Drone  
  15  1:45  Drone x2  
  17  1:52  Queen  
  17  1:53  Drone  
  20  1:56  Drone  
  21  2:04  Drone  
  22  2:12  Spine Crawler  
  22  2:13  Drone  
  22  2:14  Drone  
  23  2:16  Zergling x2  
  24  2:24  Zergling x2  
  24  2:26  Metabolic Boost  
  25  2:31  Zergling x2  
  26  2:37  Zergling x2  
  26  2:42  Zergling x2  
  28  2:47  Overlord  
  28  2:48  Overlord  
  28  3:05  Overlord  
  27  3:07  Zergling x2  
  27  3:08  Zergling x2  
  27  3:10  Queen  
  31  3:15  Zergling x2  
  31  3:16  Zergling x2  
  33  3:22  Zergling x2  
  34  3:30  Zergling x2  
  35  3:48  Zergling x10  
  36  3:49  Zergling x4  
  38  4:02  Baneling Nest  
  37  4:05  Drone  
  37  4:09  Drone  
  39  4:20  Hatchery  
  38  4:28  Zergling x6  
  38  4:30  Lair  
  37  4:44  Zergling x2  
  37  4:45  Zergling x8  
  38  4:46  Drone  
  38  4:57  Zergling x2  
  38  4:58  Zergling x6  
  39  5:15  Zergling x4  
  39  5:16  Drone x2, Zergling x2  
  44  5:22  Baneling x4  
  44  5:23  Baneling x2  
  44  5:24  Baneling x2  
  44  5:42  Hydralisk Den, Spore Crawler  
  42  5:43  Spore Crawler  
  42  5:44  Drone x2  
  32  6:13  Zergling x8  
  32  6:14  Drone x3  
  32  6:15  Drone x4  
  32  6:16  Drone  
  39  6:28  Hydralisk, Muscular Augments  
  39  6:32  Drone x2  
  43  6:35  Drone x2  
  45  6:41  Spore Crawler  
  45  6:43  Hydralisk  
  45  6:45  Drone x2  
  48  6:50  Drone x2  
  48  6:54  Overlord  
  50  7:03  Overlord  
  50  7:04  Overlord  
  50  7:12  Queen  
  50  7:13  Overlord  
  52  7:16  Drone x3  
  52  7:18  Drone  
  52  7:20  Extractor  
  52  7:21  Drone  
  52  7:22  Extractor  
  55  7:23  Drone  
  55  7:25  Drone  
  55  7:27  Drone  
  55  7:28  Extractor  
  55  7:29  Drone  
  58  7:31  Drone x2  
  60  7:39  Grooved Spines  
  60  7:42  Hydralisk x2  
  64  7:44  Evolution Chamber  
  64  7:48  Drone x5  
  68  7:52  Spore Crawler  
  68  7:54  Drone  
  68  7:57  Spore Crawler  
  67  8:00  Hydralisk  
  67  8:02  Hydralisk  
  67  8:04  Drone  
  67  8:05  Drone  
  73  8:10  Hydralisk, Overlord  
  73  8:12  Drone x2  
  77  8:15  Spore Crawler  
  77  8:19  Hydralisk  
  78  8:20  Hydralisk  
  78  8:23  Hydralisk  
  82  8:42  Hydralisk  
  82  8:43  Drone  
  82  8:46  Zergling x2  
  82  8:48  Hydralisk  
  86  8:51  Zerg Missile Weapons Level 1  
  86  8:52  Drone  
  86  8:53  Drone  
  90  9:07  Overlord x2  
  90  9:08  Overlord x3  
  90  9:13  Hatchery  
  89  9:21  Overlord  
  89  9:23  Drone  
  90  9:29  Hydralisk x5  
  100  9:31  Drone  
  100  9:32  Drone  
  100  9:33  Hatchery  
  100  9:37  Drone x2  
  100  9:38  Drone  
  104  9:46  Hydralisk  
  104  9:47  Hydralisk x3  
  110  10:06  Hydralisk  
  105  10:07  Hydralisk x5  
  117  10:19  Infestation Pit  
  117  10:20  Drone x4  
  117  10:21  Drone  
  121  10:23  Extractor  
  121  10:24  Extractor  
  119  10:35  Drone x4  
  123  10:36  Hydralisk x5  
  133  10:45  Zerg Ground Armor Level 1  
  133  10:56  Hive  
  133  11:01  Drone x3, Spore Crawler  
  133  11:02  Drone x3, Overlord x2  
  138  11:05  Drone x2  
  140  11:18  Hatchery  
  139  11:19  Hatchery  
  139  11:25  Overseer  
  138  11:26  Pneumatized Carapace  
  138  11:29  Spore Crawler  
  138  11:30  Spore Crawler  
  136  11:46  Overseer  
  136  11:51  Evolution Chamber  
  136  11:52  Drone  
  136  11:53  Hydralisk x2  
  136  11:54  Hydralisk x3  
  136  11:55  Hydralisk x8  
  136  11:56  Hydralisk  
  136  11:57  Drone  
  165  12:22  Spine Crawler x2  
  163  12:24  Spore Crawler  
  163  12:25  Spore Crawler  
  163  12:26  Drone x4  
  163  12:29  Viper  
  168  12:30  Viper x2  
  168  12:32  Overlord x6  
  168  12:33  Overlord x2  
  168  12:34  Viper, Overlord  
  177  12:43  Zerg Missile Weapons Level 2  
  177  12:49  Zerg Melee Weapons Level 1  
  177  13:18  Viper x2  
  183  13:27  Extractor  
  183  13:29  Extractor  
  181  13:36  Drone x3  
  181  13:38  Viper  
  181  13:39  Hydralisk x4  
  195  13:44  Drone x2  
  195  13:45  Drone  
  198  13:49  Drone  
  199  14:09  Hatchery  
  141  14:22  Viper x3  
  141  14:23  Hydralisk x2  
  109  14:24  Hydralisk  
  109  14:25  Zergling x8  
  109  14:28  Hydralisk  
  109  14:30  Hydralisk  
  119  14:36  Drone x3, Hydralisk  
  119  14:37  Hydralisk  
  126  14:39  Zergling x10  
  126  14:40  Zergling x4  
  133  14:46  Hydralisk x2  
  134  14:55  Ultralisk Cavern  
  107  15:24  Hydralisk x7  
  107  15:25  Hydralisk x2  
  107  15:27  Hydralisk x3  
  131  15:28  Hydralisk  
  131  15:29  Drone x4  
  131  15:30  Drone x4  
  120  15:40  Hydralisk x3  
  120  15:42  Zergling x8  
  126  15:53  Spine Crawler  
  125  16:01  Hydralisk x6, Spore Crawler  
  136  16:05  Drone x3  
  136  16:06  Drone x5  
  136  16:24  Hydralisk x2  
  119  16:33  Spine Crawler  
  119  16:34  Ultralisk Cavern  
  119  16:35  Spore Crawler  
  119  16:36  Drone x3, Spine Crawler  
  119  16:37  Drone x5  
  119  16:38  Drone x3, Hatchery  
  120  16:54  Ultralisk  
  120  17:03  Spawning Pool  
  120  17:08  Drone x5  
  120  17:09  Drone x4  
  120  17:12  Hatchery  
  123  17:22  Anabolic Synthesis  
  120  17:26  Extractor  
  120  17:27  Drone  
  120  17:28  Drone x3, Extractor  
  120  17:32  Extractor  
  120  17:33  Extractor  
  120  17:34  Hatchery  
  120  17:35  Extractor  
  120  17:36  Extractor, Overlord x2  
  108  17:46  Hatchery  
  103  18:04  Chitinous Plating  
  71  18:16  Ultralisk  
  71  18:19  Lair  
  71  18:20  Drone  
  71  18:21  Drone x4  
  71  18:22  Overlord x2  
  71  18:24  Overlord x7  
  76  18:39  Ultralisk  
  76  18:40  Zergling x2  
  76  18:41  Zergling x16  
  81  18:56  Drone  
  81  18:59  Drone x4  
  86  19:05  Hatchery  
  86  19:07  Hatchery  
  81  19:10  Hatchery  
  81  19:14  Hatchery  
  81  19:16  Zergling x2, Ultralisk  
  81  19:17  Zergling x4  
  86  20:03  Drone x5  
  86  20:04  Drone x6  
  86  20:05  Ultralisk  
  86  20:06  Zergling x10  
  108  20:07  Zergling x2  
  108  20:11  Hydralisk Den  
  108  20:14  Drone  
  108  20:15  Drone  
  110  20:39  Drone  
  110  20:40  Drone x2, Hydralisk  
  110  20:41  Hydralisk x6  
  110  20:42  Hydralisk  
  129  20:43  Zergling x4  
  129  20:44  Zergling x12  
  129  20:45  Zergling x2  
  129  20:46  Drone x2  
  129  20:47  Drone x3  
  143  20:57  Hydralisk x4  
  143  21:01  Drone x5  
  156  21:08  Drone  
  156  21:10  Spore Crawler  
  156  21:11  Spore Crawler x2  
  154  21:12  Spore Crawler  
  153  21:20  Hydralisk x7  
  158  21:42  Hydralisk x5  
  158  21:43  Hydralisk x4  
  158  21:45  Drone x3  
  158  21:46  Drone  
  178  22:11  Overlord x6  
  178  22:12  Overlord  
  172  22:40  Hydralisk  
  172  22:41  Hydralisk x8  
  172  22:42  Hydralisk x2  
  190  23:08  Extractor  
  190  23:09  Extractor  
  188  23:19  Drone x3  
  191  23:22  Drone x2  
  198  23:29  Extractor  
  198  23:31  Extractor  
Show
View Real Time Build Order
Export as new Build Order

Massa Terran - Winner!

Build Orders: Gas First Reaper Expand 

Get SALT Encoding   

  12  0:01  SCV  
  13  0:13  SCV  
  14  0:24  Supply Depot  
  14  0:25  SCV  
  15  0:30  Refinery  
  15  0:46  SCV, Barracks  
  16  0:58  SCV  
  17  1:10  SCV  
  18  1:22  SCV  
  18  1:23  Refinery  
  19  1:36  Reaper  
  20  1:43  Orbital Command  
  20  1:52  Factory  
  20  2:02  Supply Depot  
  20  2:17  Command Center  
  20  2:23  Marine  
  20  2:26  SCV  
  22  2:38  SCV  
  22  2:42  Marine  
  23  3:00  Marine  
  23  3:04  Hellion  
  26  3:13  Starport  
  26  3:23  Barracks Tech Lab  
  26  3:25  Hellion  
  28  3:34  Factory  
  28  3:40  Orbital Command  
  28  3:41  SCV  
  28  3:46  Hellion, Marauder  
  33  3:49  Stimpack  
  33  3:54  SCV  
  34  4:06  SCV  
  34  4:09  Widow Mine  
  37  4:18  SCV  
  36  4:30  SCV  
  35  4:35  SCV  
  36  4:40  Factory Tech Lab  
  36  4:42  SCV  
  35  4:48  SCV  
  34  4:54  SCV, Medivac  
  34  4:59  Barracks  
  37  5:01  Barracks  
  37  5:05  Barracks, Engineering Bay  
  37  5:07  Supply Depot  
  37  5:10  Supply Depot  
  37  5:13  Supply Depot  
  37  5:18  Marauder  
  39  5:23  SCV  
  39  5:24  Viking  
  42  5:29  Combat Shield  
  42  5:31  Cyclone  
  45  5:39  Marauder  
  47  5:43  Missile Turret  
  47  5:46  Missile Turret  
  47  5:50  Missile Turret  
  47  5:56  Missile Turret  
  47  6:03  Cyclone  
  50  6:04  Mag-Field Accelerator  
  50  6:12  Refinery  
  50  6:13  SCV x2  
  52  6:20  Barracks Reactor, Command Center  
  52  6:23  Marine  
  52  6:24  Marine x2  
  52  6:25  SCV x2  
  57  6:33  Refinery  
  57  6:41  Barracks Reactor, Marine x2  
  59  6:47  Missile Turret  
  59  6:48  Concussive Shells  
  59  6:52  Siege Tank  
  62  6:59  Marine  
  64  7:02  Terran Infantry Weapons Level 1  
  64  7:04  SCV x2  
  66  7:13  Marine  
  66  7:14  Marine  
  68  7:16  SCV x2  
  68  7:17  Marine  
  68  7:18  Barracks Reactor  
  70  7:29  Supply Depot x2  
  70  7:31  Marine x2, Medivac  
  70  7:32  Supply Depot  
  74  7:40  Marine x3  
  77  7:47  Armory  
  77  7:49  Marine x2  
  79  7:54  SCV x2  
  79  7:56  Marine  
  79  7:57  Marine x3  
  86  8:04  Cyclone  
  89  8:06  SCV x2  
  89  8:07  Marauder, Marine x2  
  94  8:14  Marine  
  94  8:15  Marine  
  94  8:18  SCV x2  
  94  8:19  Engineering Bay  
  98  8:22  Missile Turret  
  98  8:25  Marine x4  
  102  8:28  Marine  
  102  8:32  Marine x2, Medivac  
  107  8:36  Terran Vehicle Weapons Level 1  
  107  8:41  SCV x2  
  107  8:43  Orbital Command  
  109  8:52  Supply Depot x2  
  109  8:53  Supply Depot  
  109  8:54  Terran Infantry Armor Level 1  
  109  9:13  Marine, Thor, Supply Depot  
  109  9:14  Supply Depot  
  109  9:16  Marauder  
  118  9:27  SCV x3  
  121  9:32  Missile Turret  
  121  9:36  Missile Turret  
  121  9:39  SCV x3, Missile Turret  
  124  9:51  SCV  
  102  10:31  Marauder, Marine  
  102  10:32  Marine x5  
  102  10:34  Thor  
  116  10:45  Medivac  
  116  10:46  Terran Vehicle Weapons Level 2  
  116  10:47  Terran Infantry Weapons Level 2  
  116  10:49  Terran Infantry Armor Level 2, Marine  
  119  10:50  Marine x5  
  119  10:52  Marauder  
  126  11:07  Marine  
  126  11:08  Marine  
  128  11:14  Marauder  
  128  11:15  Medivac  
  128  11:17  Thor  
  135  11:21  Command Center  
  125  11:26  Missile Turret x2  
  125  11:28  Missile Turret  
  125  11:35  Marauder  
  127  11:40  Marine x3  
  127  11:41  Marine x3  
  133  11:57  Marauder  
  133  11:58  Marine x6  
  141  12:05  Command Center, Thor  
  147  12:16  Marine x2  
  149  12:26  Supply Depot  
  149  12:27  Supply Depot  
  149  12:28  Supply Depot  
  149  12:29  Refinery  
  149  12:32  Marine x4  
  149  12:33  Marauder, Marine  
  149  12:34  Marine  
  157  12:38  Medivac  
  159  12:48  Thor  
  159  12:50  Orbital Command, Marine x3, Supply Depot x2  
  168  12:52  Supply Depot  
  168  12:53  SCV  
  168  12:54  SCV x2, Marauder  
  173  13:02  Terran Vehicle And Ship Armor Level 1  
  173  13:05  SCV  
  173  13:06  SCV x2  
  173  13:07  Medivac  
  178  13:14  Factory, Supply Depot x2  
  178  13:16  Marauder, Factory  
  178  13:17  Supply Depot  
  178  13:18  SCV x3, Factory  
  183  13:23  SCV  
  183  13:25  Orbital Command  
  184  13:30  SCV x3  
  187  13:35  SCV  
  187  13:37  Medivac, Supply Depot  
  187  13:38  Supply Depot  
  187  13:40  Supply Depot  
  190  13:42  SCV x3  
  190  13:47  SCV  
  194  13:50  Sensor Tower  
  194  13:54  SCV x2  
  194  13:55  Refinery  
  196  13:58  Refinery, Factory Tech Lab  
  196  13:59  Factory Tech Lab  
  196  14:01  Supply Depot  
  196  14:02  Supply Depot  
  196  14:04  Supply Depot  
  196  14:09  Armory  
  131  14:13  Marine x3  
  131  14:14  Marauder, Marine  
  131  14:15  Thor  
  131  14:17  Factory Tech Lab  
  119  14:25  Missile Turret  
  119  14:35  Marauder  
  121  14:39  Refinery  
  121  14:40  Refinery  
  121  14:41  Thor  
  121  14:43  Refinery  
  121  14:44  Thor, Missile Turret  
  133  14:56  Marauder  
  133  14:58  Thor  
  140  15:04  Thor  
  122  15:20  Starport Reactor  
  105  15:30  Thor  
  111  15:41  Thor  
  105  15:48  Thor x2  
  103  15:58  SCV x3  
  99  16:07  Barracks  
  99  16:10  SCV x3, Barracks x2  
  99  16:11  Barracks  
  102  16:24  Armory  
  102  16:27  Supply Depot x2  
  102  16:29  Supply Depot  
  102  16:30  Supply Depot  
  102  16:32  Supply Depot x2  
  102  16:49  SCV x2  
  102  16:53  Supply Depot  
  104  16:54  Supply Depot x2  
  104  16:56  Supply Depot  
  104  16:58  Supply Depot  
  104  16:59  Barracks  
  104  17:00  Barracks  
  104  17:01  Supply Depot  
  104  17:06  Barracks Reactor x2, Barracks Tech Lab  
  104  17:07  Barracks Reactor  
  104  17:13  Armory  
  104  17:16  Engineering Bay  
  104  17:19  Engineering Bay  
  104  17:24  Supply Depot  
  53  18:17  Marine x5  
  53  18:19  Barracks Reactor x2, Marine x2  
  48  18:34  Marine  
  48  18:35  Marine x4  
  48  18:37  Marine x2  
  55  18:41  Factory  
  55  18:42  Factory  
  55  18:43  Factory  
  55  18:44  Factory, Missile Turret x2  
  55  18:45  Missile Turret  
  49  18:49  Missile Turret  
  49  18:50  Missile Turret x3  
  49  18:52  Marine, Missile Turret  
  49  18:53  Marine x4, Missile Turret  
  49  18:54  Missile Turret  
  49  18:55  Marine x2  
  49  18:57  Terran Vehicle And Ship Armor Level 2  
  49  18:58  Terran Vehicle Weapons Level 3  
  50  19:05  Missile Turret  
  50  19:06  Missile Turret  
  50  19:10  Marine x2  
  50  19:11  Marine x2  
  50  19:12  Marine  
  50  19:13  Marine  
  56  19:28  Marine  
  56  19:29  Factory x2  
  54  19:31  Factory  
  54  19:34  Factory Tech Lab x2, Factory  
  54  19:36  Factory Tech Lab  
  54  19:37  Factory Tech Lab  
  46  19:46  Command Center  
  46  20:06  Factory x2  
  46  20:08  Factory  
  46  20:10  Marine  
  46  20:11  Marine x10  
  57  20:14  Thor  
  57  20:16  Factory Tech Lab  
  57  20:20  Command Center, Thor  
  58  20:28  Marine  
  58  20:29  Marine x2  
  61  20:38  Missile Turret  
  61  20:40  Missile Turret x2  
  61  20:42  Missile Turret  
  61  20:44  Missile Turret  
  61  20:46  Missile Turret  
  61  20:48  Missile Turret  
  61  20:53  Factory  
  61  20:54  Factory  
  61  20:55  Factory  
  61  20:58  Thor x2  
  57  21:24  Orbital Command  
  57  21:27  Factory Tech Lab x3  
  57  21:32  Refinery  
  57  21:39  Factory  
  24  22:02  Factory Tech Lab x2, Thor  
  24  22:03  Thor  
  36  22:10  Refinery  
  36  22:17  SCV  
  36  22:22  Barracks  
  37  22:29  SCV, Marine  
  38  22:30  Marine x5  
  44  22:41  SCV, Barracks  
  42  22:47  Marine  
  42  22:48  Marine x5  
  43  22:51  Thor  
  43  22:53  SCV  
  44  23:05  SCV  
  45  23:07  Factory Tech Lab x3  
  45  23:08  Factory Tech Lab x2  
  45  23:10  Barracks  
  45  23:17  SCV  
  46  23:23  Armory  
Tags
 
Add a new tag
Caveats
  • Supply blocks, unpowered buildings, or Contaminate may cause inaccurate times.
  • Supply counts are checked every 10 seconds.